 Dungeon Crawl Stone Soup version 0.20.1-1-g8b1a95d (webtiles) character file.

58 polve the Conjurer (level 4, 0/24 HPs)
             Began as a Tengu Conjurer on July 9, 2017.
             Slain by Terence
             ... wielding a +0 mace
              (5 damage)
             ... on level 2 of the Dungeon.
             The game lasted 00:01:38 (1822 turns).

polve the Conjurer (Tengu Conjurer)                 Turns: 1822, Time: 00:01:39

Health: 0/24       AC:  2    Str:  8    XL:     4   Next: 1%
Magic:  4/8        EV: 13    Int: 16    God:
Gold:   100        SH:  0    Dex: 15    Spells: 6/7 levels left

rFire    . . .     SeeInvis .   (no weapon)
rCold    . . .     Gourm    .   (no shield)
rNeg     . . .     Faith    .   a - +0 robe
rPois    .         Spirit   .   (helmet restricted)
rElec    .         Reflect  .   (no cloak)
rCorr    .         Harm     .   (no gloves)
MR       .....                  (boots unavailable)
Stlth    ++........             (no amulet)
Regen    0.1/turn               (no ring)
MPRegen  0.2/turn               (no ring)

@: no status effects
A: beak, talons 3
a: no special abilities


You were on level 2 of the Dungeon.
You were not hungry.

You visited 1 branch of the dungeon, and saw 2 of its levels.

You collected 100 gold pieces.

Inventory:

Armour
 a - a +0 robe (worn)
Scrolls
 e - 2 scrolls of amnesia {unknown}
 f - 2 scrolls of teleportation {unknown}
 i - a scroll of identify {unknown}
 k - a scroll of magic mapping {unknown}
Potions
 g - a potion of brilliance {unknown}
 h - a potion of agility {unknown}
 j - 2 potions of mutation {unknown}
Books
 b - a book of Conjurations

   Spells                             Type                      Level
   a - Magic Dart                     Conjuration                  1
   b - Searing Ray                    Conjuration                  2
   c - Dazzling Spray                 Conjuration/Hexes            3
   d - Fulminant Prism                Conjuration/Hexes            4
   e - Force Lance                    Conjuration/Translocation    4
   f - Iskenderun's Mystic Blast      Conjuration                  4
Comestibles
 c - a bread ration
 d - 3 chunks of flesh
 l - a meat ration


   Skills:
 - Level 2.1 Dodging
 - Level 2.0 Stealth
 - Level 2.0 Spellcasting
 + Level 7.2 Conjurations


You had 6 spell levels left.
You knew the following spells:

 Your Spells              Type           Power        Failure   Level  Hunger
a - Magic Dart            Conj           ###.         1%          1    #......


Dungeon Overview and Level Annotations

Branches:
Dungeon (2/15)

Altars:
Ashenzari

Annotations:
D:2 Terence


Innate Abilities, Weirdness & Mutations

You have a beak for a mouth.
You have claws for feet.


Message History

You barely miss Terence. You claw Terence.
Terence is severely wounded.
Terence closely misses you.
You closely miss Terence. Your peck misses Terence.
Terence is severely wounded.
Terence closely misses you.
You hit Terence but do no damage.
Terence is severely wounded.
Terence hits you with a mace!
* * * LOW HITPOINT WARNING * * *
You hit Terence but do no damage.
Terence is severely wounded.
Terence hits you with a mace!
* * * LOW HITPOINT WARNING * * *
Your magical contamination has completely faded away.
You see here a goblin skeleton.
Terence looks scornfully at you. As you open the door, it creaks loudly!
Terence hits you with a mace.
You die...

##.#.# #........# ##.##.#
##....###.........####...#.###
#.................+...........
##....###.........####...#.###
##.#.# ##.......# ##.##.#
####.# ##.<...## ##...# #....#
#...## #.### #.#### #'## #.#
#.# #@# #.# #รท# #@# #.# #.#
##### ##.## #.#
#.###...###...## #.#
##.##...........# #.#
##.#.#.....##...## #.#
#.###..#.#.###.##########.#
##.#.......# #............#
##.######## ##############


You could see Terence.

Vanquished Creatures
  A gnoll (D:1)
  2 adders (D:2)
  A dart slug (D:1)
  A leopard gecko (D:1)
  2 giant cockroaches (D:1)
  7 goblins
  2 hobgoblins
  2 jackals (D:1)
  A kobold (D:2)
  2 bats (D:1)
  2 frilled lizards (D:1)
  3 rats
26 creatures vanquished.

Notes
Turn   | Place    | Note
-------+----------+-------------------------------------------
     0 | D:1      | polve the Tengu Conjurer began the quest for the Orb.
     0 | D:1      | Reached XP level 1. HP: 10/10 MP: 4/4
   160 | D:1      | Found a shattered altar of Ashenzari.
   419 | D:1      | Reached XP level 2. HP: 9/15 MP: 4/6
   760 | D:1      | Reached skill level 6 in Conjurations
  1073 | D:1      | Reached XP level 3. HP: 19/19 MP: 4/7
  1566 | D:2      | Reached skill level 7 in Conjurations
  1745 | D:2      | Reached XP level 4. HP: 24/24 MP: 6/8
  1780 | D:2      | Noticed Terence
  1822 | D:2      | Slain by Terence

Skill      XL: |  1  2  3 |
---------------+----------+-----
Conjurations   | 6 7 |  7.2
Dodging        | |  2.1
Stealth        | |  2.0
Spellcasting   | |  2.0

Action                   |  1- 3 |  4- 6 || total
-------------------------+-------+-------++-------
Melee: Unarmed           |     3 |     5 ||     8
       Kick              |       |     1 ||     1
 Cast: Magic Dart        |    55 |     8 ||    63
  Eat: Chunk             |     3 |     1 ||     4
Armor: Robe              |     2 |       ||     2
Dodge: Dodged            |     7 |     3 ||    10
